 Dungeon Crawl Stone Soup version 0.29.1-12-g30fa7ad0bf (webtiles) character file.

Game seed: 1979028613926608574

49 sanboga the Cudgeller (level 3, -9/33 HPs)
             Began as a Minotaur Monk on Dec 21, 2022.
             Mangled by Sigmund
             ... wielding a +0 scythe
              (11 damage)
             ... on level 2 of the Dungeon.
             The game lasted 00:01:57 (1688 turns).

sanboga the Cudgeller (Minotaur Monk)               Turns: 1688, Time: 00:01:57

Health: -9/33      AC:  2    Str: 17    XL:     3   Next: 53%
Magic:  2/2        EV: 12    Int:  7    God:
Gold:   75         SH:  0    Dex: 12    Spells: 2/2 levels left

rFire   . . .      SeeInvis .   a - +0 mace
rCold   . . .      Faith    .   (no shield)
rNeg    . . .      Spirit   .   b - +0 robe
rPois   .          Reflect  .   (helmet restricted)
rElec   .          Harm     .   (no cloak)
rCorr   .          Rampage  .   (no gloves)
Will    +....                   (no boots)
Stlth   ++........              (no amulet)
HPRegen 0.11/turn               k - ring of willpower
MPRegen 0.08/turn               (no ring)

@: no status effects
A: horns 2, retaliatory headbutt
a: no special abilities


You were on level 2 of the Dungeon.
You visited 1 branch of the dungeon, and saw 2 of its levels.

You collected 75 gold pieces.

Inventory:

Hand Weapons
 a - a +0 mace (weapon)
Armour
 b - a +0 robe (worn)
Jewellery
 d - a ring of fire
 k - a ring of willpower (left hand)
Scrolls
 e - a scroll of enchant armour {unknown}
 g - a scroll of noise {unknown}
 h - 2 scrolls of identify {unknown}
 i - a scroll of torment {unknown}
 l - a scroll of blinking {unknown}
 n - a scroll of vulnerability {unknown}
Potions
 c - a potion of invisibility {unknown}
 f - a potion of brilliance {unknown}
 j - a potion of haste {unknown}
 m - a potion of curing {unknown}


   Skills:
 + Level 4.1 Fighting
 * Level 4.7 Maces & Flails
 + Level 1.7 Armour
 - Level 3.2 Dodging
 - Level 1.5 Stealth


You had 2 spell levels left.
You didn't know any spells.
Your spell library was empty.

Dungeon Overview and Level Annotations

Branches:
Dungeon (2/15)

Altars:

Annotations:
D:2 Sigmund


Innate Abilities, Weirdness & Mutations

You have a pair of horns on your head.
You reflexively headbutt those who attack you in melee.


Message History

You start resting.
HP restored.
e - a scroll labelled ZAIBUC DOTEWA
n - a scroll labelled PEGEIBR WOTAS Sigmund the Dreaded comes into view.
He is wielding a +0 scythe.
Sigmund is nearby!
Sigmund shouts!
You hear a shout!
A bat comes into view.
The bat moves out of view.
A hobgoblin comes into view.
The hobgoblin shouts!
Sigmund hits you from afar with a +0 scythe.
A hobgoblin comes into view. x2
The hobgoblin shouts!
You hit the bat. You headbutt the bat.
You kill the bat!
Found a runed scarf.
Sigmund closely misses you.
You barely miss Sigmund. Sigmund hits you with a +0 scythe!
You hit Sigmund but do no damage. The hobgoblin hits you.
You hit Sigmund but do no damage. Your headbutt misses Sigmund.
Sigmund mumbles some strange words.
Sigmund flickers and vanishes!
Deactivating autopickup; reactivate with Ctrl-A.
The hobgoblin barely misses you. Something hits you.
You closely miss something. The hobgoblin hits you. The hobgoblin misses you.
You furiously retaliate!
You headbutt the hobgoblin. You hit something. Your headbutt misses something.
Something hits you.
* * * LOW HITPOINT WARNING * * *
The hobgoblin drinks a potion.
The hobgoblin suddenly seems more resistant.
The hobgoblin hits you.
* * * LOW HITPOINT WARNING * * *
The hobgoblin hits you.
* * * LOW HITPOINT WARNING * * *
You sock something! The hobgoblin closely misses you. The hobgoblin hits you.
* * * LOW HITPOINT WARNING * * *
The hobgoblin hits you.
* * * LOW HITPOINT WARNING * * *
Something hits you!
You die...

#...# #.###
#.# ###.#
#...#
#########.###
..........#
#####..###
#g@# #
#.{gg..[...
..####
......#######
......
........#
......
.........
......
........#
......
........#
######
###......


You could see 3 hobgoblins.

Vanquished Creatures
  An adder (D:1)
  4 worms
  A giant cockroach (D:1)
  3 goblins (D:1)
  3 hobgoblins
  3 jackals (D:1)
  2 quokkas
  3 ball pythons
  3 bats
  2 kobolds (D:1)
  2 rats (D:1)
27 creatures vanquished.

Notes
Turn   | Place    | Note
-------+----------+-------------------------------------------
     0 | D:1      | sanboga the Minotaur Monk began the quest for the Orb.
     0 | D:1      | Reached XP level 1. HP: 19/19 MP: 0/0
   313 | D:1      | Reached XP level 2. HP: 21/27 MP: 1/1
   318 | D:1      | Reached skill level 1 in Armour
   469 | D:1      | Found a faded altar of an unknown god.
  1213 | D:1      | Reached XP level 3. HP: 24/33 MP: 2/2
  1677 | D:2      | Noticed Sigmund
  1688 | D:2      | Mangled by Sigmund

Illustrated notes

Levels and vault maps discovered:
D:1:      evilmike_arrival_plus, layout_loops_ring,
          chequers_ecumenical_altar_twisty
D:2:      layout_rooms, uniq_sigmund

Skill      XL: |  1  2 |
---------------+-------+-----
Maces & Flails | 4 |  4.7
Armour         | 1 |  1.7
Fighting       | 4 |  4.1
Dodging        | |  3.2
Stealth        | |  1.5

Action                   || total
-------------------------++-------
Melee: Mace              ||    76
       Headbutt          ||    12
  Use: Potion            ||     2
 Stab: Sleeping          ||     1
Armor: Robe              ||    10
Dodge: Dodged            ||    49
